 Dungeon Sprint DCSS version 0.31-a0-986-g5e6e4ef867 (webtiles) character file.

Game seed: 9467316244728238782

863 dialectric the Imperceptible (level 7, -1/38 HPs)
             Began as a Spriggan Brigand on Nov 3, 2023.
             Slain by a boulder beetle (4 damage)
             ... in the Dungeon (Sprint II: "The Violet Keep of Menkaure").
             The game lasted 00:00:47 (83 turns).

dialectric the Imperceptible (Spriggan Brigand)       Turns: 83, Time: 00:00:47

Health: -1/38      AC:  3    Str:  7    XL:     7   Next: 72%
Magic:  8/8        EV: 19    Int: 13    God:
Gold:   729        SH:  0    Dex: 18    Spells: 6/6 levels left

rFire   . . .        a - +2 dagger
rCold   . . .        (no shield)
rNeg    . . .        b - +0 robe
rPois   .            (helmet restricted)
rElec   .            c - +0 cloak
rCorr   .            (gloves unavailable)
SInv    +            (boots unavailable)
Will    +....        (no amulet)
Stlth   ++++++++     (no ring)
HPRegen 0.26/turn    (no ring)
MPRegen 0.11/turn

%: no teleportation
@: on berserk cooldown, slowed, quick
A: very small, no large weapons, unfitting armour, see invisible, speed 3
a: no special abilities


You were in the Dungeon.
You visited 1 branch You collected 729 gold pieces.

Inventory:

Hand Weapons
 a - a +2 dagger (weapon)
Missiles
 d - 9 poisoned darts
 e - 3 curare-tipped darts (quivered)
Armour
 b - a +0 robe (worn)
 c - a +0 cloak (worn)
Scrolls
 k - a scroll of blinking
Potions
 f - a potion of curing
 h - a potion of haste
 i - 2 potions of magic


   Skills:
 + Level 4.7 Fighting
 + Level 6.3 Short Blades
 - Level 4.9 Throwing
 + Level 4.2 Dodging
 + Level 21.4 Stealth


You had 6 spell levels left.
You didn't know any spells.
Your spell library was empty.

Dungeon Overview and Level Annotations

Branches:
Dungeon (1/1)

Altars:

Shops:
D :[

Annotations:
D Menkaure


Innate Abilities, Weirdness & Mutations

You are very small and have problems with some larger weapons.
You are too small for most types of armour.
You have supernaturally acute eyesight. (SInv)
You cover ground extremely quickly. (Speed+++)


Message History

Things that are here:
a scorpion corpse; a scorpion corpse
There is a staircase leading out of the dungeon here.
You open the door. 2 wyverns come into view.
Found 243 gold pieces.
There is an open door here.
The helpless wyvern fails to defend itself.
You stick the wyvern like a pincushion!!!!
You kill the wyvern!
Your Short Blades skill increases to level 6!
Your Stealth skill increases to level 20!
Unknown command.
Unknown command.
There is an open door here.
You see here 243 gold pieces.
The helpless wyvern fails to defend itself.
You spit the wyvern like a pig!!!!
You kill the wyvern!
Your Dodging skill increases to level 4!
Your Stealth skill increases to level 21!
You see here a wyvern corpse.
You now have 729 gold pieces (gained 243).
There is an open door here.
Unknown command.
There is a staircase leading out of the dungeon here.
You open the door. 2 boulder beetles come into view.
Found 243 gold pieces.
There is an open door here.
You hit the boulder beetle but do no damage.
The boulder beetle bites you!!
Ouch! That really hurt!
Unknown command.
The boulder beetle bites you!
* * * LOW HITPOINT WARNING * * *
Unknown command.
You hit the boulder beetle but do no damage.
The boulder beetle misses you. The boulder beetle bites you.
You die...

.#~~~M##...##
.#~~~~#.)#..#
.#~~####...####
∩#~##.###+###†#
.#~##..##.##.#.#
∩+ +.##†.<.'###+
##..##.##.#
#.###B###.#
####@#.# ##
#.B#..# ##.#$##
##+##


You could see 2 boulder beetles.

Vanquished Creatures
  A merfolk siren (D)
  2 wyverns (D)
  4 scorpions (D)
7 creatures vanquished.

Notes
Turn   | Place    | Note
-------+----------+-------------------------------------------
     0 | D        | dialectric the Spriggan Brigand began the quest for the
                  | Orb.
     0 | D        | Reached XP level 1. HP: 10/10 MP: 2/2
     1 | D        | Noticed a merfolk siren
    11 | D        | Killed a merfolk siren
    12 | D        | Reached skill level 17 in Stealth
    12 | D        | Reached XP level 2. HP: 8/16 MP: 3/3
    12 | D        | Reached XP level 3. HP: 10/20 MP: 4/4
    12 | D        | Reached XP level 4. HP: 12/25 MP: 5/5
    12 | D        | Reached XP level 5. HP: 14/28 MP: 6/6
    12 | D        | Reached XP level 6. HP: 16/32 MP: 7/7
    20 | D        | Noticed Menkaure
    21 | D        | Found Xuap's Book Shoppe.
    21 | D        | Found Fipoalae's Antique Armour Emporium.
    40 | D        | Reached skill level 5 in Short Blades
    40 | D        | Reached skill level 18 in Stealth
    50 | D        | Reached skill level 19 in Stealth
    50 | D        | Reached XP level 7. HP: 37/37 MP: 8/8
    65 | D        | Noticed a wyvern
    65 | D        | Noticed a wyvern
    68 | D        | Killed a wyvern
    69 | D        | Reached skill level 20 in Stealth
    71 | D        | Killed a wyvern
    72 | D        | Reached skill level 21 in Stealth
    79 | D        | Noticed a boulder beetle
    79 | D        | Noticed a boulder beetle
    83 | D        | Slain by a boulder beetle

Illustrated notes

Levels and vault maps discovered:
D:        the_violet_keep_of_menkaure [sprint2_stairs_cluster_1,
          sprint2_shoproom, sprint2_temple, sprint2_basic_supplies,
          sprint2_obstacle_6, sprint2_obstacle_7, sprint2_obstacle_5,
          sprint2_obstacle_4, sprint2_obstacle_2, sprint2_timed_cluster_1,
          sprint2_smallroom_cluster_1, sprint2_smallroom_final_cluster_1,
          sprint2_transparent_cluster_1, sprint2_second_timed_cluster_1,
          sprint2_sniper_area_1, sprint2_heavy_combat_area_1,
          sprint2_mutation_trap_area_1, sprint2_forest_area_1,
          sprint2_light_combat_area_1, sprint2_behind_water_1,
          sprint2_near_end_vault_1]

Skill      XL: |  1  2  3  4  5  6  7 |
---------------+----------------------+-----
Fighting       | 3 4 |  4.7
Short Blades   | 4 5 6 |  6.3
Throwing       | 4 |  4.9
Dodging        | 2 3 4 |  4.2
Stealth        | 17 19 21 | 21.4

Action                     |  1- 3 |  4- 6 |  7- 9 || total
---------------------------+-------+-------+-------++-------
  Melee: Dagger            |     5 |    13 |     8 ||    26
  Throw: Dart              |     3 |       |       ||     3
    Use: Potion            |       |     2 |       ||     2
   Stab: Sleeping          |     1 |       |     2 ||     3
 Armour: Robe              |     1 |     2 |     3 ||     6
  Dodge: Dodged            |     1 |     7 |     2 ||    10

Table legend: (Time is in decaauts)
 A = Elapsed time spent in this place.
 B = Non-inter-level travel time spent in this place.
 C = Inter-level travel time spent in this place.
 D = Time resting spent in this place.
 E = Time spent auto-exploring this place.
 F = Levels seen in this place.
 G = Mean time per level.
                   A        B        C        D        E       F      G
               +--------+--------+--------+--------+--------+-----+--------+
         Total |     65 |     65 |      0 |      0 |      0 |   1 |   65.0 |
       Dungeon |     65 |     65 |      0 |      0 |      0 |   1 |   65.0 |
               +--------+--------+--------+--------+--------+-----+--------+

Top non-repeatable levels by time:
       D: 65 daAuts
